 Dungeon Crawl Stone Soup version 0.29-a0-819-g94b489e0ae (webtiles) character file.

Game seed: 17302000681608932881

65 porpoise the Sneak (level 3, -2/29 HPs)
             Began as a Demonspawn Delver on July 7, 2022.
             Slain by an orc priest
             ... wielding a +0 flail
              (3 damage)
             ... on level 2 of the Dungeon.
             The game lasted 00:07:33 (2615 turns).

porpoise the Sneak (Demonspawn Delver)              Turns: 2615, Time: 00:07:34

Health: -2/29      AC: 10    Str: 14    XL:     3   Next: 92%
Magic:  3/3        EV: 10    Int: 11    God:
Gold:   96         SH:  0    Dex: 20    Spells: 2/2 levels left

rFire   . . .      SeeInvis .   a - +0 spear
rCold   + . .      Faith    .   (no shield)
rNeg    . . .      Spirit   .   o - +1 scale mail {rC+}
rPois   .          Reflect  .   (no helmet)
rElec   .          Harm     .   j - +0 cloak
rCorr   .          Rampage  .   (no gloves)
Will    .....                   (no boots)
Stlth   ++........              (no amulet)
HPRegen 0.09/turn               l - +6 ring of dexterity
MPRegen 0.08/turn               (no ring)

@: hasted, very quick
A: molten scales 1
a: no special abilities


You were on level 2 of the Dungeon.
You visited 1 branch of the dungeon, and saw 5 of its levels.

You collected 96 gold pieces.

Inventory:

Hand Weapons
 a - a +0 spear (weapon)
 b - a +0 sling
Missiles
 e - 6 poisoned darts
Armour
 j - a +0 cloak (worn)
 o - a +1 scale mail of cold resistance (worn)
Jewellery
 l - a +6 ring of dexterity (left hand)
Wands
 g - a wand of digging (3)
Scrolls
 c - a scroll of fog
 d - a scroll of magic mapping
 h - a scroll of torment {unknown}
 k - 2 scrolls of vulnerability {unknown}
 m - 2 scrolls of identify {unknown}
Potions
 i - 2 potions of curing
 n - a potion of ambrosia {unknown}


   Skills:
 + Level 3.5 Fighting
 * Level 2.9 Polearms
 + Level 1.1 Armour
 - Level 1.9 Dodging
 - Level 4.6 Stealth


You had 2 spell levels left.
You didn't know any spells.
Your spell library contained the following spells:

 Spells                   Type           Power      Damage    Failure   Level
 Summon Small Mammal      Summ           0%         N/A       83%         1
 Call Canine Familiar     Summ           0%         N/A       99%         3
 Confusing Touch          Hex            0%         N/A       99%         3
 Summon Guardian Golem    Hex/Summ       0%         N/A       99%         3
 Yara's Violent Unravell  Hex/Tmut       0%         3d3       100%        5
 Enfeeble                 Hex            0%         N/A       100%        7


Dungeon Overview and Level Annotations

Branches:
Dungeon (5/15)
 Temple: D:4-7

Altars:
Xom

Annotations:
D:5 Pikel


Innate Abilities, Weirdness & Mutations

You are partially covered in molten scales. (AC +2)


Message History

The orc priest hits you but does no damage.
The orc priest hits you with a +0 flail.
You climb upwards.
There is a stone staircase leading down here.
Okay, then.
Unknown command.
Okay, then.
Okay, then.
You feel yourself speed up.
The orc priest begins to cast a cantrip, but forgets the words!
You hit the orc priest.
The orc priest is heavily wounded.
You hit the orc priest but do no damage.
The orc priest is heavily wounded.
The orc priest barely misses you.
You barely miss the orc priest.
The orc priest is heavily wounded.
The orc priest closely misses you.
You hit the orc priest but do no damage.
The orc priest is heavily wounded.
You barely miss the orc priest.
The orc priest is heavily wounded.
The orc priest completely misses you.
You hit the orc priest but do no damage.
The orc priest is heavily wounded.
The orc priest mumbles some strange prayers to Beogh against you.
Pain shoots through your body!
* * * LOW HITPOINT WARNING * * *
You hit the orc priest but do no damage.
The orc priest is heavily wounded.
Unknown command.
You hit the orc priest.
The orc priest is heavily wounded.
The orc priest closely misses you.
You barely miss the orc priest.
The orc priest is heavily wounded.
You barely miss the orc priest.
The orc priest is heavily wounded.
The orc priest hits you with a +0 flail.
You die...

...# #...# ...# #...#
...###...##### ...(...8...'.#
...##.....##.####################
...###.).##.........†............
#### ##.###.############.....####
..## ##'###......o..####.....#
#..###....######@##...##.....####
##..##....##.....####..#..##.#...
#.........##.###.#####...........
#.#..#.......###.).#####..#......
#.##........##..[.†.## #..#......
#....#...............###..#......
....##..........................#
.........##..............#....#.#
...####...##.............#..#.#.#


You could see an orc priest.

Vanquished Creatures
  An adder (D:2)
  2 worms (D:2)
  A dart slug (D:2)
  An orc (D:2)
  4 bats
  2 endoplasms
  A giant cockroach (D:2)
  3 goblins
  5 hobgoblins
  3 quokkas
  5 ball pythons
  2 frilled lizards (D:1)
  7 kobolds
  7 rats
44 creatures vanquished.

Notes
Turn   | Place    | Note
-------+----------+-------------------------------------------
     0 | D:5      | porpoise the Demonspawn Delver began the quest for the Orb.
     0 | D:5      | Reached XP level 1. HP: 18/18 MP: 1/1
    53 | D:5      | Noticed a lemure
    53 | D:5      | Noticed a lemure
    54 | D:5      | Noticed Pikel
    61 | D:5      | Noticed a phantom
    63 | D:5      | Noticed a scorpion
    65 | D:5      | Noticed a scorpion
   120 | D:3      | Noticed an orc priest
   120 | D:3      | Noticed an orc wizard
   634 | D:2      | Gained mutation: You are partially covered in molten
                  | scales. (AC +2) [demonic ancestry]
   634 | D:2      | Reached XP level 2. HP: 14/24 MP: 2/2
   770 | D:2      | Found a shimmering altar of Xom.
  1024 | D:2      | Reached XP level 3. HP: 29/29 MP: 3/3
  1773 | D:1      | Reached skill level 1 in Armour
  1793 | D:1      | Found a faded altar of an unknown god.
  1793 | D:1      | Noticed a hellwing
  2611 | D:2      | HP: 1/29 [orc priest/nerve-wracking pain (11)]
  2615 | D:2      | Slain by an orc priest

Illustrated notes

Levels and vault maps discovered:
D:1:      minmay_arrival_wavy_path, layout_loops_ring,
          dreamdust_ecumenical_altar_sealed_demon
D:2:      layout_rooms, basic_altar, grunt_ministairs_14,
          nicolae_underground_beach
D:3:      layout_rooms, mainiacjoe_overflow_six_doors_small
D:4:      layout_loops_cross, nicolae_concentric_dashed_squares_wild
D:5:      layout_cave_pools, chequers_temple_overflow_statue_of_worship,
          temple_hall, nrook_mini_backslash, uniq_eustachio, uniq_pikel

Skill      XL: |  1  2  3 |
---------------+----------+-----
Polearms       | 2 |  2.9
Armour         | 1 |  1.1
Fighting       | |  3.5
Dodging        | |  1.9
Stealth        | |  4.6

Action                   || total
-------------------------++-------
Melee: Spear             ||   150
       Punch             ||     1
 Fire: Sling             ||    51
  Use: Scroll            ||     1
       Potion            ||     2
Armor: Leather armour    ||    16
       Scale mail        ||    50
Dodge: Dodged            ||    65

Table legend: (Time is in decaauts)
 A = Elapsed time spent in this place.
 B = Non-inter-level travel time spent in this place.
 C = Inter-level travel time spent in this place.
 D = Time resting spent in this place.
 E = Time spent auto-exploring this place.
 F = Levels seen in this place.
 G = Mean time per level.
                   A        B        C        D        E       F      G
               +--------+--------+--------+--------+--------+-----+--------+
         Total |   2629 |   2589 |     40 |   1038 |    868 |   5 |  525.8 |
       Dungeon |   2629 |   2589 |     40 |   1038 |    868 |   5 |  525.8 |
               +--------+--------+--------+--------+--------+-----+--------+

Top non-repeatable levels by time:
     D:2: 1675 daAuts
     D:1: 811 daAuts
     D:5: 83 daAuts
     D:3: 35 daAuts
     D:4: 23 daAuts
